 Dungeon Crawl Stone Soup version 0.27-a0-1442-g87b6fcb595 (webtiles) character file.

Game seed: 8644381227957066342

51 Sin92 the Skirmisher (level 3, 0/29 HPs)
             Began as a Demonspawn Fighter on July 4, 2021.
             Slain by an adder (2 damage)
             ... on level 2 of the Dungeon.
             The game lasted 00:01:58 (1333 turns).

Sin92 the Skirmisher (Demonspawn Fighter)           Turns: 1333, Time: 00:01:59

Health: 0/29       AC:  6    Str: 17    XL:     3   Next: 58%
Magic:  3/3        EV:  7    Int:  9    God:
Gold:   66         SH:  8    Dex: 10    Spells: 2/2 levels left

rFire    . . .     SeeInvis .   e - +0 hand axe (elec)
rCold    . . .     Faith    .   c - +0 kite shield
rNeg     . . .     Spirit   .   b - +0 scale mail
rPois    .         Reflect  .   (helmet restricted)
rElec    .         Harm     .   (no cloak)
rCorr    .         Rampage  .   (no gloves)
Will     +....                  (no boots)
Stlth    ..........             j - amulet of magic regeneration
HPRegen  0.09/turn              (no ring)
MPRegen  0.33/turn              (no ring)

@: lethally poisoned (0 -> -1)
A: antennae 1, claws 1, clumsy 1, strong-willed 1
a: no special abilities


You were on level 2 of the Dungeon.
You visited 1 branch of the dungeon, and saw 2 of its levels.

You collected 66 gold pieces.

Inventory:

Hand Weapons
 a - a +0 long sword
 e - a +0 hand axe of electrocution (weapon)
 h - a +2 vorpal spear
Armour
 b - a +0 scale mail (worn)
 c - a +0 kite shield (worn)
Jewellery
 j - an amulet of magic regeneration (around neck)
Scrolls
 g - a scroll of noise {unknown}
 i - a scroll of acquirement {unknown}
 k - a scroll of identify {unknown}
 l - a scroll of teleportation {unknown}
Potions
 d - a potion of might


   Skills:
 + Level 3.2 Fighting
 + Level 2.0 Long Blades
 * Level 1.3(1.4) Axes
 + Level 0.4(1.1) Polearms
 + Level 2.9 Armour
 + Level 0.8 Dodging
 + Level 2.9 Shields


You had 2 spell levels left.
You didn't know any spells.
Your spell library was empty.

Dungeon Overview and Level Annotations

Branches:
Dungeon (2/15)

Altars:


Innate Abilities, Weirdness & Mutations

You have a pair of small antennae on your head.
You have sharp fingernails.
You are clumsy. (Dex -2)
You are strong-willed. (Will+)


Message History

You are more poisoned.
The adder poisons you! The adder bites you but does no damage.
An adder is nearby!
You closely miss the adder.
You feel very sick. The adder closely misses you.
The adder bites you but does no damage.
An adder is nearby!
You closely miss the adder.
You feel sick. The adder bites you but does no damage.
You block the adder's attack.
An adder is nearby!
Your shield and scale mail prevent you from hitting the adder.
You feel sick. The adder bites you but does no damage.
You block the adder's attack.
An adder is nearby!
You hit the adder.
The adder is heavily wounded.
You feel sick. You block the adder's attack. The adder bites you.
It was a potion of mutation.
You feel extremely strange.
You feel clumsy.
You feel strong-willed.
You feel sick. You block the adder's attack.
You hit the adder but do no damage.
The adder is heavily wounded.
You feel sick.
You are no longer poisoned.
The adder bites you but does no damage. The adder bites you.
* * * LOW HITPOINT WARNING * * *
You are poisoned.
The adder poisons you!
You barely miss the adder.
The adder is heavily wounded.
* * * LOW HITPOINT WARNING * * *
You feel sick. You block the adder's attack. x2
You barely miss the adder.
The adder is heavily wounded.
* * * LOW HITPOINT WARNING * * *
You feel sick. You block the adder's attack. The adder barely misses you.
Your scale mail prevents you from hitting the adder.
The adder is heavily wounded.
You feel sick. The adder bites you.
You die...

.#
#...#.###.......###.##.#.
## #...#.# ##.....##
#.####. #..##.# ##...##
#.# #.. ##...#######+##
#.###.# #.##.....# ##
#....>. ####.##.###.##..
. #####.# #.......#.....
... #.#
#.##.#..#.#S#..... #.# #
#....@......# #.#
#.##.###....# #># #.##.#
#.. ..# .....# ###
##.#### #.# .. ##


You could see an adder.

Vanquished Creatures
  4 bats (D:1)
  4 endoplasms
  4 giant cockroaches
  6 goblins
  3 hobgoblins (D:1)
  4 jackals (D:2)
  2 quokkas (D:1)
  3 ball pythons
  3 frilled lizards
  6 kobolds
  5 rats
44 creatures vanquished.

Notes
Turn   | Place    | Note
-------+----------+-------------------------------------------
     0 | D:1      | Sin92 the Demonspawn Fighter began the quest for the Orb.
     0 | D:1      | Reached XP level 1. HP: 18/18 MP: 1/1
   202 | D:1      | Found a faded altar of an unknown god.
   210 | D:1      | Gained mutation: You have a pair of small antennae on your
                  | head. [demonic ancestry]
   210 | D:1      | Reached XP level 2. HP: 13/24 MP: 2/2
   631 | D:1      | Reached skill level 1 in Axes
   641 | D:1      | Gained mutation: You have sharp fingernails. [demonic
                  | ancestry]
   641 | D:1      | Reached XP level 3. HP: 18/29 MP: 3/3
  1329 | D:2      | Gained mutation: You are clumsy. (Dex -2) [potion of
                  | mutation]
  1329 | D:2      | Gained mutation: You are strong-willed. (Will+) [potion of
                  | mutation]
  1333 | D:2      | Slain by an adder

Illustrated notes

Levels and vault maps discovered:
D:1:      dpeg_arrival_more_subterranean_lakeside_camping, layout_rooms,
          chequers_ecumenical_altar_simple
D:2:      layout_loops_corners, basic_altar, minmay_hexomino_p4, uniq_sigmund

Skill      XL: |  1  2 |
---------------+-------+-----
Long Blades    | 2 |  2.0
Axes           | 1 |  1.3
Fighting       | |  3.2
Polearms       | |  0.4
Armour         | |  2.9
Dodging        | |  0.8
Shields        | |  2.9

Action                   || total
-------------------------++-------
Melee: Long sword        ||    18
       Hand axe          ||   100
  Use: Potion            ||     1
Armor: Scale mail        ||    68
Dodge: Dodged            ||    39
Block: Kite shield       ||    76
       Rpst.: Long sword ||     3

Table legend: (Time is in decaauts)
 A = Elapsed time spent in this place.
 B = Non-inter-level travel time spent in this place.
 C = Inter-level travel time spent in this place.
 D = Time resting spent in this place.
 E = Time spent auto-exploring this place.
 F = Levels seen in this place.
 G = Mean time per level.
                   A        B        C        D        E       F      G
               +--------+--------+--------+--------+--------+-----+--------+
         Total |   1390 |   1376 |     14 |    211 |    859 |   2 |  695.0 |
       Dungeon |   1390 |   1376 |     14 |    211 |    859 |   2 |  695.0 |
               +--------+--------+--------+--------+--------+-----+--------+

Top non-repeatable levels by time:
     D:1: 862 daAuts
     D:2: 527 daAuts
